Map: Oblivion Express

Players

Yuriprime

  • Race: Zerg Zerg

LilArrin

  • Race: Terran Terran
  • Spawn Location: 0:00

VOD

Have the link to the VOD?

Description

Time

  • Played on: March 11, 2018, 1:40 a.m.
  • Length: 23:24
Show
View Real Time Build Order
Export as new Build Order

Yuriprime Zerg 

Build Orders:  

Get SALT Encoding   

  18  0:04  Primal Drone  
  19  0:11  Primal Drone  
  19  0:18  Primal Drone  
  21  0:24  Primal Drone  
  22  0:33  Primal Drone  
  22  0:38  Extractor  
  23  1:08  Primal Warden  
  23  1:09  Primal Drone  
  25  1:14  Primal Drone  
  25  1:19  Extractor  
  26  1:32  Primal Drone  
  27  1:44  Primal Drone  
  28  2:02  Primal Drone  
  29  2:10  Primal Drone  
  29  2:14  Glevig's Den  
  29  2:27  Primal Drone  
  30  2:44  Primal Zergling x3  
  33  2:59  Primal Drone x2  
  35  3:26  Primal Drone  
  36  3:32  Primal Drone  
  42  3:54  Murvar's Den  
  41  4:04  Primal Drone x2  
  41  4:07  Primal Hive  
  43  4:20  Primal Drone  
  44  4:43  Primal Drone  
  44  4:45  Primal Attacks Level 1  
  45  5:00  Primal Drone  
  45  5:09  Primal Warden  
  48  5:11  Primal Warden  
  48  5:21  Primal Warden  
  48  5:22  Primal Drone x2  
  50  5:41  Primal Drone  
  51  5:58  Extractor x2  
  51  5:59  Primal Drone  
  52  6:00  Primal Drone x3  
  55  6:35  Aerial Burst Sacs  
  55  6:36  Primal Swarm Host  
  55  6:37  Dakrun's Den, Primal Swarm Host x2  
  63  7:11  Primal Swarm Host x2  
  63  7:12  Primal Swarm Host  
  63  7:15  Primal Drone  
  63  7:16  Primal Drone x2  
  63  7:18  Primal Drone, Primal Warden  
  77  7:32  Primal Drone  
  77  7:33  Primal Drone  
  77  7:37  Primal Drone  
  77  7:38  Primal Drone x2  
  81  7:59  Primal Warden  
  82  8:09  Primal Swarm Host  
  85  8:10  Primal Swarm Host x2  
  85  8:13  Primal Drone  
  85  8:16  Primal Drone  
  93  8:28  Primal Swarm Host  
  93  8:29  Primal Swarm Host  
  99  8:36  Primal Drone x2  
  99  8:37  Primal Drone  
  101  8:46  Primal Swarm Host  
  104  9:24  Primal Swarm Host x6  
  104  9:25  Primal Swarm Host  
  104  9:26  Primal Zergling  
  104  9:27  Primal Zergling x2  
  128  9:49  Primal Swarm Host  
  131  9:50  Primal Swarm Host  
  131  9:51  Primal Zergling  
  131  9:52  Primal Zergling x4  
  131  9:53  Primal Zergling  
  131  9:55  Primal Zergling  
  141  10:02  Primal Swarm Host  
  140  10:26  Primal Swarm Host  
  140  10:27  Primal Swarm Host x2  
  140  10:28  Primal Zergling x4  
  140  10:29  Primal Zergling  
  147  11:04  Primal Swarm Host  
  147  11:05  Primal Swarm Host x3  
  159  11:51  Primal Drone x3  
  159  11:53  Primal Attacks Level 2  
  159  11:55  Primal Hydralisk  
  159  11:56  Primal Hydralisk x3  
  161  12:31  Impaler x2  
  159  12:48  Primal Hydralisk  
  159  12:49  Primal Hydralisk x7  
  175  12:50  Primal Hydralisk  
  177  13:25  Primal Hydralisk  
  177  13:26  Primal Hydralisk x4  
  187  13:37  Impaler x2  
  187  13:38  Impaler x2  
  183  13:55  Primal Hydralisk x4  
  190  14:29  Impaler  
  189  14:30  Impaler x2  
  189  14:32  Impaler  
  186  14:40  Impaler x6  
  186  14:45  Primal Hydralisk x2  
  186  14:46  Primal Hydralisk x5  
  198  15:16  Primal Hydralisk  
  200  15:58  Impaler  
  187  16:33  Impaler  
  187  16:38  Primal Hydralisk x7  
  187  16:39  Primal Hydralisk x10  
  190  16:42  Primal Hydralisk  
  189  16:56  Primal Hydralisk  
  189  16:57  Impaler x2, Primal Hydralisk  
  167  17:50  Impaler  
  167  17:51  Impaler x7  
  167  17:52  Impaler  
  167  17:53  Primal Attacks Level 3  
  167  17:54  Primal Hydralisk  
  167  17:55  Primal Hydralisk x3  
  157  18:11  Impaler x9  
  157  18:23  Primal Hydralisk x2  
  157  18:24  Primal Hydralisk x2  
  157  18:27  Impaler x2  
  157  18:29  Impaler  
  162  18:33  Impaler x2  
  162  18:34  Impaler x4  
  162  18:41  Impaler x4  
  162  18:42  Impaler x3  
  162  19:21  Primal Hydralisk  
  162  19:22  Primal Hydralisk x8  
  178  19:39  Impaler x2  
  174  19:41  Primal Hydralisk  
  174  19:42  Primal Hydralisk x2  
  174  19:46  Primal Hydralisk  
  182  19:58  Primal Hydralisk  
  184  20:00  Primal Hydralisk  
  186  20:21  Primal Hydralisk x3  
  192  20:55  Primal Hydralisk x4  
  192  20:57  Impaler  
  192  20:58  Impaler x4  
  192  20:59  Impaler  
  194  21:00  Impaler  
  193  21:18  Impaler  
  192  21:21  Primal Hydralisk x3  
  192  21:22  Primal Hydralisk  
  192  21:28  Impaler  
  199  21:52  Impaler x3  
  199  21:53  Impaler  
  199  21:59  Primal Hydralisk  
  197  22:00  Primal Hydralisk  
  199  22:38  Impaler x2  
Show
View Real Time Build Order
Export as new Build Order

LilArrin Terran 

Build Orders:  

Get SALT Encoding   

  12  0:03  SCV  
  13  0:20  SCV  
  14  0:33  Supply Depot  
  14  0:37  SCV  
  15  0:54  SCV  
  16  1:11  SCV  
  17  1:27  Command Center  
  17  1:32  SCV  
  18  1:49  SCV  
  19  1:51  Barracks  
  19  2:06  SCV  
  20  2:27  Orbital Command  
  20  2:50  Command Center  
  20  3:03  SCV  
  20  3:08  Orbital Command  
  21  3:18  Refinery  
  21  3:20  SCV  
  21  3:26  Refinery  
  22  3:37  SCV  
  22  3:39  Barracks  
  23  3:45  SCV  
  24  3:55  Barracks  
  24  3:56  SCV  
  25  4:02  SCV  
  25  4:05  Barracks Tech Lab  
  25  4:06  Orbital Command, Combat Shields  
  26  4:13  SCV  
  26  4:16  Barracks Reactor  
  27  4:21  Engineering Bay  
  27  4:32  Orbital Command  
  27  4:42  SCV  
  27  4:44  Barracks Reactor  
  27  4:48  Supply Depot  
  28  4:50  SCV  
  28  4:51  Marine  
  28  4:59  SCV  
  31  5:02  Marine  
  32  5:12  Marine  
  32  5:13  Marine  
  32  5:17  Marine  
  34  5:22  Medic  
  34  5:23  Marine  
  34  5:27  Marine  
  38  5:32  Marine  
  38  5:33  Marine  
  38  5:35  SCV x2  
  38  5:36  Marine  
  38  5:37  Marine  
  38  5:39  SCV  
  45  5:42  Marine  
  47  5:50  Marine x2  
  47  5:52  Marine x2  
  47  5:53  Medic  
  47  5:58  SCV  
  47  5:59  SCV  
  55  6:00  Marine  
  55  6:01  Marine  
  55  6:02  Terran Infantry Weapons Level 1, Marine  
  55  6:04  Marine  
  55  6:08  Marine  
  59  6:13  SCV  
  59  6:16  Supply Depot  
  59  6:19  SCV  
  62  6:20  Marine, SCV  
  62  6:25  Stabilizer Medpacks  
  62  6:26  Medic  
  62  6:28  Marine  
  66  6:30  Supply Depot  
  66  6:34  Marine  
  66  6:36  Medic, Marine x2  
  71  6:52  SCV x2  
  71  6:53  Medic, Marine  
  71  6:54  SCV  
  71  6:57  Supply Depot  
  71  6:59  Marine x2  
  77  7:00  Supply Depot  
  77  7:01  Marine  
  77  7:03  Marine  
  77  7:04  Marine  
  80  7:11  SCV  
  80  7:13  Medic, Marine x2  
  80  7:15  Supply Depot  
  80  7:19  Marine x2  
  85  7:23  Marine  
  85  7:24  Marauder  
  85  7:29  Marine x2  
  90  7:33  Marine  
  90  7:36  Medic, Marine  
  96  7:45  Marine  
  96  7:47  Medic  
  96  7:48  Marine x2  
  99  7:59  Marine x2, Barracks, Supply Depot  
  101  8:07  Marine x2  
  101  8:09  Marine x2  
  103  8:12  Marine  
  103  8:17  Marine  
  108  8:22  Marine  
  108  8:23  Medic, Marine, Supply Depot  
  108  8:26  Marine  
  113  8:33  Concussive Shells  
  113  8:35  Supply Depot  
  113  8:36  Marine x3, Barracks Tech Lab  
  113  8:37  Supply Depot  
  113  8:38  Marauder  
  116  8:41  Terran Infantry Armor Level 1  
  116  8:45  Marine  
  116  8:46  Marine  
  116  8:48  Marine  
  116  8:49  Marine  
  120  8:50  Marine  
  120  8:55  Marine  
  120  8:56  Marine  
  120  8:58  Marine  
  120  8:59  Marine  
  124  9:01  Marauder  
  124  9:03  Marine  
  124  9:05  Marine  
  124  9:07  Marine  
  124  9:09  Marine  
  130  9:11  Marine  
  133  9:20  Supply Depot  
  133  9:21  Marauder, Marine x2  
  133  9:23  Supply Depot  
  133  9:29  Marine x2  
  137  9:31  Medic  
  137  9:37  Marine x2  
  137  9:38  Marine  
  137  9:39  Marine  
  141  9:41  Marauder  
  141  9:47  Marine x2  
  147  9:51  Marine, Supply Depot  
  147  9:53  Supply Depot  
  147  9:56  Marine x2, Supply Depot  
  147  9:57  Marauder  
  154  10:02  Marine  
  154  10:07  Medic  
  151  10:10  Marine x3  
  151  10:11  Marauder  
  151  10:12  Supply Depot  
  151  10:16  Marine  
  151  10:17  Marine  
  155  10:20  Marine x2  
  155  10:23  Medic  
  155  10:29  Marine x2  
  156  10:30  Medic  
  156  10:32  Supply Depot  
  156  10:37  Marine  
  156  10:38  Marine x2  
  135  10:40  Medic  
  135  10:42  Marine x2  
  135  10:49  Marine x2  
  138  10:50  Marine  
  138  10:53  Marine x2  
  138  10:54  Medic  
  144  11:01  Marine x2  
  144  11:02  Marine  
  144  11:03  Marine  
  148  11:10  Marine x2  
  150  11:20  Marine x3  
  150  11:22  Marine x2  
  150  11:24  Marine  
  156  11:30  Marine x2  
  158  11:48  Marine x2  
  160  12:00  Marine x4  
  164  12:20  Command Center  
  164  12:21  Command Center  
  164  12:30  Marine x2  
  164  12:37  Command Center  
  164  12:51  Engineering Bay  
  164  12:57  Marine x2  
  164  13:00  Factory  
  164  13:02  Factory  
  166  13:30  Marine x2  
  166  13:31  Medic, Marine x2  
  166  13:34  Barracks  
  166  13:37  Barracks  
  172  14:18  Factory Tech Lab  
  170  14:20  Armory  
  170  14:21  Orbital Command  
  170  14:22  Orbital Command  
  170  14:23  Orbital Command, Marine x2  
  170  14:26  Factory Reactor  
  170  14:28  Barracks Reactor, Barracks Tech Lab  
  168  14:53  Marine  
  168  14:58  Replenishable Magazine  
  143  15:02  Vulture  
  145  15:12  Vulture  
  145  15:14  Vulture  
  145  15:16  Vulture  
  151  15:23  Vulture  
  151  15:24  Vulture  
  151  15:26  Afterburners, Vulture  
  151  15:27  Terran Infantry Weapons Level 2  
  151  15:28  Marine x3, Terran Infantry Armor Level 2  
  157  15:33  Vulture  
  157  15:35  Vulture  
  164  15:43  Vulture  
  166  15:54  Vulture x3  
  166  15:58  Cerberus Mines  
  172  16:01  Marine  
  172  16:02  Marine x3  
  172  16:04  Vulture  
  178  16:20  Vulture x2  
  182  16:54  Terran Vehicle and Ship Weapons Level 1  
  182  16:56  Medic  
  182  16:57  Medic x2  
  182  16:58  Marine x3  
  186  17:06  Marine  
  186  17:07  Marauder x2, Marine  
  186  17:08  Marauder  
  195  17:18  Marine  
Tags
 
Add a new tag
Caveats
  • Supply blocks, unpowered buildings, or Contaminate may cause inaccurate times.
  • Supply counts are checked every 10 seconds.